 Dungeon Crawl Stone Soup version 0.27-a0-899-ge2d0b17c59 (webtiles) character file.

Game seed: 9685689225768286029

30 leviel the Skirmisher (level 3, 0/33 HPs)
             Began as a Hill Orc Fighter on Apr 5, 2021.
             Slain by a gnoll
             ... wielding a +0 halberd
              (3 damage)
             ... on level 2 of the Dungeon.
             The game lasted 00:01:03 (797 turns).

leviel the Skirmisher (Hill Orc Fighter)             Turns: 797, Time: 00:01:03

Health: 0/33       AC:  6    Str: 25    XL:     3   Next: 20%
Magic:  3/3        EV:  7    Int:  8    God:
Gold:   30         SH:  9    Dex: 10    Spells: 2/2 levels left

rFire    + . .     SeeInvis .   a - +0 war axe
rCold    + . .     Faith    .   c - +0 kite shield
rNeg     . . .     Spirit   .   g - +0 scale mail
rPois    +         Reflect  .   (no helmet)
rElec    +         Harm     .   (no cloak)
rCorr    +         Rampage  .   (no gloves)
Will     .....                  (no boots)
Stlth    ..........             (no amulet)
HPRegen  0.11/turn              h - +6 ring of strength
MPRegen  0.08/turn              (no ring)

@: mighty, resistant
A: no striking features
a: no special abilities


You were on level 2 of the Dungeon.
You visited 1 branch of the dungeon, and saw 2 of its levels.

You collected 30 gold pieces.

Inventory:

Hand Weapons
 a - a +0 war axe (weapon)
 b - a +0 hunting sling
Armour
 c - a +0 kite shield (worn)
 g - a +0 scale mail (worn)
Jewellery
 h - a +6 ring of strength (left hand)
Scrolls
 f - a scroll of enchant armour {unknown}
Potions
 d - 2 potions of might
 e - a potion of resistance


   Skills:
 + Level 4.0 Fighting
 + Level 3.4 Axes
 + Level 3.6 Armour
 + Level 3.7 Shields


You had 2 spell levels left.
You didn't know any spells.
Your spell library was empty.

Dungeon Overview and Level Annotations

Branches:
Dungeon (2/15)

Altars:


Message History

The gnoll barely misses you.
You hit the gnoll.
The gnoll is heavily wounded.
The gnoll hits you with a +0 halberd!
* * * LOW HITPOINT WARNING * * *
The gnoll hits you with a +0 halberd.
* * * LOW HITPOINT WARNING * * *
You are too injured to fight recklessly!
You are too injured to fight recklessly!
You are too injured to fight recklessly!
You are too injured to fight recklessly!
You are too injured to fight recklessly!
You are too injured to fight recklessly!
You are too injured to fight recklessly!
There are monsters nearby!
Unknown command.
The gnoll completely misses you.
The kobold throws a stone.
The stone hits you.
* * * LOW HITPOINT WARNING * * *
It was a potion of resistance.
You feel protected.
You feel very mighty all of a sudden. The gnoll hits you with a +0 club.
* * * LOW HITPOINT WARNING * * *
You closely miss the gnoll. You block the gnoll's attack.
You hit the gnoll.
The gnoll is heavily wounded.
You block the gnoll's attack. x2
You slash the gnoll!
You kill the gnoll!
The gnoll barely misses you.
You have reached level 3!
Your experience leads to an increase in your attributes!
Your base attributes are Str 18, Int 8, Dex 10.
Increase (S)trength, (I)ntelligence, or (D)exterity?
You feel stronger.
You slice the gnoll!!
You kill the gnoll!
The gnoll hits you from afar with a +0 halberd.
You die...

.#...............#####
......#....###.......#
#.........##.........#
.......<##...##.#....#
...........####.#....#
...[.###..## #K#....#
.#... ..# #g#....#
.... ... #)###### ..
.### #@# . ........#
..##....# ###... ####


You could see a gnoll and a kobold.

Vanquished Creatures
  2 gnolls (D:2)
  A ball python (D:1)
  3 endoplasms
  2 giant cockroaches (D:1)
  2 goblins (D:1)
  2 hobgoblins (D:1)
  3 jackals (D:1)
  A frilled lizard (D:1)
  2 kobolds (D:1)
  A rat (D:2)
19 creatures vanquished.

Notes
Turn   | Place    | Note
-------+----------+-------------------------------------------
     0 | D:1      | leviel the Hill Orc Fighter began the quest for the Orb.
     0 | D:1      | Reached XP level 1. HP: 19/19 MP: 1/1
   322 | D:1      | Reached XP level 2. HP: 27/27 MP: 2/2
   456 | D:1      | Reached skill level 4 in Fighting
   797 | D:2      | Reached XP level 3. HP: 3/33 MP: 3/3
   797 | D:2      | Slain by a gnoll

Illustrated notes

Levels and vault maps discovered:
D:1:      scummos_arrival_simple_fountains, layout_rooms
D:2:      layout_rooms, kennysheep_generic_room_6, uniq_natasha

Skill      XL: |  1  2 |
---------------+-------+-----
Axes           | 3 |  3.4
Fighting       | 4 |  4.0
Armour         | |  3.6
Shields        | |  3.7

Action                   || total
-------------------------++-------
Melee: War axe           ||    37
  Use: Potion            ||     2
Armor: Scale mail        ||    16
Dodge: Dodged            ||    13
Block: Kite shield       ||    18

Table legend: (Time is in decaauts)
 A = Elapsed time spent in this place.
 B = Non-inter-level travel time spent in this place.
 C = Inter-level travel time spent in this place.
 D = Time resting spent in this place.
 E = Time spent auto-exploring this place.
 F = Levels seen in this place.
 G = Mean time per level.
                   A        B        C        D        E       F      G
               +--------+--------+--------+--------+--------+-----+--------+
         Total |    816 |    777 |     39 |    150 |    505 |   2 |  408.0 |
       Dungeon |    816 |    777 |     39 |    150 |    505 |   2 |  408.0 |
               +--------+--------+--------+--------+--------+-----+--------+

Top non-repeatable levels by time:
     D:1: 769 daAuts
     D:2: 46 daAuts
